 Dungeon Crawl Stone Soup version 0.23.2-30-g0e89c35649 (webtiles) character file.

Game seed: 14534425590273057133

104 EcosseEcosse the Shield-Bearer (level 4, -3/40 HPs)
             Began as a Minotaur Fighter on June 23, 2019.
             Slain by an orc warrior
             ... wielding a +0 halberd
              (7 damage)
             ... on level 3 of the Dungeon.
             The game lasted 00:03:26 (1585 turns).

EcosseEcosse the Shield-Bearer (Minotaur Fighter)   Turns: 1585, Time: 00:03:26

Health: -3/40      AC: 11    Str: 21    XL:     4   Next: 52%
Magic:  3/3        EV:  4    Int:  5    God:
Gold:   95         SH:  9    Dex: 10    Spells: 3/3 levels left

rFire    . . .     SeeInvis .   a - +0 war axe
rCold    . . .     Gourm    .   c - +0 shield
rNeg     . . .     Faith    .   k - +0 plate armour
rPois    .         Spirit   .   (helmet restricted)
rElec    .         Reflect  .   (no cloak)
rCorr    .         Harm     .   (no gloves)
MR       .....                  (no boots)
Stlth    ..........             (no amulet)
HPRegen  0.13/turn              (no ring)
MPRegen  0.08/turn              (no ring)

@: no status effects
A: retaliatory headbutt, horns 2
a: no special abilities


You were on level 3 of the Dungeon.
You were not hungry.

You visited 1 branch of the dungeon, and saw 3 of its levels.

You collected 95 gold pieces.

Inventory:

Hand Weapons
 a - a +0 war axe (weapon)
Armour
 b - a +0 scale mail
 c - a +0 shield (worn)
 k - a +0 plate armour (worn)
Scrolls
 e - a scroll of remove curse {unknown}
 g - 3 scrolls of identify {unknown}
 h - a scroll of blinking {unknown}
 l - a scroll of noise {unknown}
 n - a scroll of enchant armour {unknown}
Potions
 d - 2 potions of might
 i - a potion of resistance {unknown}
 j - 2 potions of heal wounds {unknown}
 m - a potion of curing {unknown}
Comestibles
 f - 6 rations


   Skills:
 + Level 4.1 Fighting
 + Level 4.1 Axes
 + Level 4.2 Armour
 + Level 0.6 Dodging
 + Level 0.2 Stealth
 + Level 4.3 Shields


You had 3 spell levels left.
You didn't know any spells.
Your spell library was empty.

Dungeon Overview and Level Annotations

Branches:
Dungeon (3/15)

Altars:
Vehumet


Innate Abilities, Weirdness & Mutations

You reflexively headbutt those who attack you in melee.
You have a pair of horns on your head.


Message History

You kill the orc priest!
Your Axes skill increases to level 4!
The orc warrior hits you from afar with a +0 halberd!
The orc hits you but does no damage.
The orc warrior hits you but does no damage.
The orc warrior hits you with a +0 halberd.
You hit the orc warrior.
The orc warrior is lightly wounded.
You block the orc warrior's attack.
Your shield prevents you from hitting the orc warrior.
The orc warrior is lightly wounded.
You block the orc warrior's attack.
You slash the orc warrior!
The orc warrior is moderately wounded.
The orc warrior hits you with a +0 halberd!
* * * LOW HITPOINT WARNING * * *
You hit the orc warrior.
The orc warrior is heavily wounded.
The orc warrior hits you with a +0 halberd!
You die...

# .....### #.#
#######......# #.#
.##..........####.#
#.....###....##.########
#..##...#..............#
###..#....#...#..........#
#......_..........†>.....#
....#....#..#..#.........#
....#...##..####@........#
....###.....#oKo#.########
.#..........#.oo#.#
........#####...#.#
#).###..|.......#.# #..#
##.........#.# ..
#.........#.#
#.........#.# #..........


You could see an orc warrior, 3 orcs and a kobold.

Vanquished Creatures
  An orc priest (D:3)
  An adder (D:2)
  4 worms (D:2)
  4 leopard geckos
  A ball python (D:2)
  8 bats
  2 giant cockroaches
  3 hobgoblins (D:1)
  3 jackals (D:1)
  A quokka (D:2)
  4 frilled lizards
  6 goblins
  6 kobolds
  9 rats
53 creatures vanquished.

Notes
Turn   | Place    | Note
-------+----------+-------------------------------------------
     0 | D:1      | EcosseEcosse the Minotaur Fighter began the quest for the
                  | Orb.
     0 | D:1      | Reached XP level 1. HP: 19/19 MP: 0/0
    60 | D:1      | Reached XP level 2. HP: 19/27 MP: 1/1
   918 | D:2      | Reached XP level 3. HP: 33/33 MP: 2/2
  1368 | D:2      | Reached XP level 4. HP: 40/40 MP: 3/3
  1540 | D:3      | Found a radiant altar of Vehumet.
  1571 | D:3      | Noticed an orc warrior
  1585 | D:3      | Slain by an orc warrior

Skill      XL: |  1  2  3  4 |
---------------+-------------+-----
Armour         | 4 |  4.2
Shields        | 4 |  4.3
Axes           | 3 4 |  4.1
Fighting       | 4 |  4.1
Dodging        | |  0.6
Stealth        | |  0.2

Action                   |  1- 3 |  4- 6 || total
-------------------------+-------+-------++-------
Melee: War axe           |   110 |    25 ||   135
       Headbutt          |     8 |     1 ||     9
  Eat: Chunk             |     1 |     1 ||     2
Armor: Scale mail        |    47 |       ||    47
       Plate armour      |    11 |    16 ||    27
Dodge: Dodged            |    26 |     8 ||    34
Block: Shield            |    75 |     8 ||    83
